Cogmind - Beta 13 X2 @@@ ROGUE MODE // 2024.02.11 @ 02:40:53 // AFD2020/Player2 Player: Minty Result: Core destroyed Performance ------------- Evolutions (6) 3000 Regions Visited (18) 3600 Robots Destroyed (142) 710 Value Destroyed (5834) 5834 Prototype IDs (32) 640 Alien Tech Used (3) 600 Bonus (6361) 6361 TOTAL SCORE: 20745 Bonus ------- Triggered High Security 500 High Alert Combat Kills 2545 Follower Combat Kills 5461 Entered DSFs 500 Met Data Miner 300 Met Zhirov 300 Friendly Fire -3245 Cogmind --------- Core Integrity 0/1150 Matter 75/300 Energy 576/600 System Corruption 3% Temperature Cool (0) Movement Core (200) Ox3 Location -4/Factory Parts ------- > --- POWER (2) -------- (None) > --- PROPULSION (3) --- (None) > --- UTILITY (8) ------ Advanced Energy Well Advanced Hacking Suite > --- WEAPON (6) ------- Precision Rocket Launcher > --- INVENTORY (5) ---- Encrypted Comm Array Stasis Canceller Molecular Deconstructor Peak State ------------ > --- POWER ------------ Angular Momentum Engine Angular Momentum Engine > --- PROPULSION ------- Armored Medium Treads Armored Medium Treads Armored Medium Treads > --- UTILITY ---------- Advanced Cryofiber Web Advanced Heat Sink Active Sensor Suite Encrypted Comm Array Experimental Power Shielding Advanced Hacking Suite > --- WEAPON ----------- Thermic Laser Phase Gun Dispersion Rifle Heavy Plasma Cannon Molecular Deconstructor > --- INVENTORY -------- Advanced Cryofiber Web Stasis Canceller Transdimensional Reconstructor [Rating: 128] Favorites ----------- Power Light Angular Momentum Engine Engine Light Angular Momentum Engine Power Core Micro Fission Core Propulsion Armored Leg Treads Armored Medium Treads Leg Armored Leg Flight Unit Flight Unit Utility Improved Signal Interpreter Device Encrypted Comm Array Storage Small Storage Unit Processor Improved Signal Interpreter Hackware Advanced Hacking Suite Protection Layered Medium Armor Plating Weapon Precision Assault Rifle Energy Gun Plasma Rifle Energy Cannon Heavy Plasma Cannon Ballistic Gun Precision Assault Rifle Launcher Precision Rocket Launcher Special Weapon Molecular Deconstructor Impact Weapon Heavy Flail Slashing Weapon Falx Build | -11 -10 -10 -10 -9 -8 -7 -7 -6 -6 -6 -6 -5 -5 -5 -5 -5 -4 -4 ------- Run | Yrd Mat Min Exi Min Mat Fac DSF Fac Low Low Dat Pro Fac Upp Upp Zhi Pro Fac Slots Evolved 12 | . . . . . 4 2 . 2 . . . . 2 . . . . 2 Power 1 | . . . . . . . . . . . . . 1 . . . . . Propulsion 1 | . . . . . 1 . . . . . . . . . . . . . Utility 6 | . . . . . 2 . . 1 . . . . 1 . . . . 2 Weapon 4 | . . . . . 1 2 . 1 . . . . . . . . . . Parts Attached 190 | . 5 2 . 9 12 8 5 23 4 11 . 6 16 6 7 12 4 60 Power 20 | . 1 . . 2 3 1 . 1 1 . . 1 2 . . 2 . 6 Engine 19 | . 1 . . 2 3 1 . 1 1 . . 1 2 . . 2 . 5 Core 1 | . . . . . . . . . . . . . . . . . . 1 Reactor . | . . . . . . . . . . . . . . . . . . . Propulsion 41 | . . . . 4 2 1 3 8 . 2 . 1 2 1 . 3 . 14 Treads 5 | . . . . . . . . . . . . . . . . . . 5 Leg 27 | . . . . . . . 3 8 . 2 . 1 2 1 . 3 . 7 Wheel . | . . . . . . . . . . . . . . . . . . . Hover . | . . . . . . . . . . . . . . . . . . . Flight 9 | . . . . 4 2 1 . . . . . . . . . . . 2 Utility 57 | . 2 . . 1 3 2 1 7 2 2 . . 4 2 5 6 1 19 Device 31 | . 1 . . . 2 . . 2 2 2 . . 2 1 3 3 1 12 Storage 4 | . . . . . . . . . . . . . . 1 1 . . 2 Processor 6 | . 1 . . . 1 1 1 2 . . . . . . . . . . Hackware 4 | . . . . . . . . 3 . . . . . . . . . 1 Protection 12 | . . . . 1 . 1 . . . . . . 2 . 1 3 . 4 Artifact . | . . . . . . . . . . . . . . . . . . . Weapon 72 | . 2 2 . 2 4 4 1 7 1 7 . 4 8 3 2 1 3 21 Energy Gun 23 | . . . . . 1 . . . . 1 . 4 6 1 2 . . 8 Energy Cannon 10 | . 2 2 . . 1 . . . . 1 . . . 2 . . 1 1 Ballistic Gun 18 | . . . . 2 1 4 . 2 . 3 . . . . . . . 6 Ballistic Cannon . | . . . . . . . . . . . . . . . . . . . Launcher 13 | . . . . . 1 . 1 2 . 1 . . 2 . . . 1 5 Special Weapon 4 | . . . . . . . . . 1 1 . . . . . 1 . 1 Impact Weapon 1 | . . . . . . . . 1 . . . . . . . . . . Slashing Weapon 3 | . . . . . . . . 2 . . . . . . . . 1 . Piercing Weapon . | . . . . . . . . . . . . . . . . . . . Special Melee Weapon . | . . . . . . . . . . . . . . . . . . . Unidentified Prototypes 14 | . . . . . . 2 . 2 1 1 . . . 1 . 4 . 3 Corrupted Parts 1 | . . . . 1 . . . . . . . . . . . . . . System Corruption 1 | . . . . 1 . . . . . . . . . . . . . . Parts Lost 52 | . . . . 1 5 . . 4 . 2 . 8 . 2 1 . 2 27 Power 6 | . . . . . 1 . . 1 . . . 1 . . . . . 3 Propulsion 6 | . . . . 1 1 . . . . . . 1 . . . . . 3 Utility 17 | . . . . . 2 . . 2 . 1 . . . 2 . . 1 9 Weapon 23 | . . . . . 1 . . 1 . 1 . 6 . . 1 . 1 12 Highest Loss Streak 6 | . . . . 1 4 . . 2 . 2 . 3 . 2 1 . 2 6 To Critical Strikes . | . . . . . . . . . . . . . . . . . . . Average Slot Usage (%) 85 | . 93 100 100 88 60 89 99 95 84 91 86 71 74 92 94 91 92 82 Engine 7 | . 14 14 14 14 8 7 7 5 2 6 6 3 7 11 11 9 11 8 Treads 1 | . . . . . . . . . . . . . . . . . . 9 Leg 15 | . 28 28 28 5 . . 21 20 20 20 20 17 17 17 17 16 17 5 Flight 1 | . . . . 19 17 23 1 . . . . . . . . . . . Device 10 | . 7 14 14 14 6 7 7 6 16 14 6 6 5 5 12 14 10 17 Storage 1 | . 14 14 14 4 . . . . . . . . . . . . . 1 Processor 9 | . . . . . 6 8 15 14 13 13 13 13 11 11 11 11 11 3 Hackware 1 | . . . . . . . . 6 . . . . . . . . . 4 Protection 3 | . . . . 1 3 6 7 1 . . . . 4 9 9 7 11 4 Energy Gun 9 | . 10 . . . 3 . . . . 3 6 8 15 25 25 27 17 12 Energy Cannon 4 | . 17 28 28 8 2 3 . . . 4 6 6 2 5 3 . . 2 Ballistic Gun 9 | . . . . 19 13 29 30 25 24 19 20 9 . . . . . 3 Launcher 3 | . . . . . . . 6 6 6 4 6 4 5 1 . . . 5 Naked Turns . | . . . . . . . . . . . . . . . . . . . Heaviest Build 141 | 12 17 19 19 19 11 30 33 39 37 55 55 56 47 64 67 52 61 141 Greatest Support 90 | 20 20 20 20 20 12 13 54 56 20 52 50 52 52 50 50 90 90 90 Greatest Overweight (x) 4 | . . . . 4 1 2 2 1 1 1 1 1 . 1 1 1 . 1 Average Overweight (x) . | . . . . . . 1 . . 1 . 1 . . . . . . . Largest Inventory Capacity 25 | . 8 8 8 8 5 5 5 5 5 5 5 5 5 5 5 5 5 25 Average Capacity 5 | . 8 8 8 5 5 5 5 5 5 5 5 5 5 5 5 5 5 5 Most Carried 8 | . 8 8 6 8 5 5 5 5 5 5 5 5 5 5 5 5 5 6 Average Carried 5 | . 5 6 5 5 4 4 4 4 4 4 5 5 4 4 5 4 4 4 Final Capacity 8 | 8 8 8 8 5 5 5 5 5 5 5 5 5 5 5 5 5 5 5 Final Carried 8 | 6 8 5 6 5 5 5 5 5 5 5 5 5 5 5 5 4 5 4 Class Distribution -------------------- 40% | Executioner 22% | Scavenger-Executioner 10% | Mutant 6% | Tank 6% | Gunner 3% | Hacker-Executioner 3% | Scavenger-Mutant Dominant Class ---------------- Mutant | -10/Materials Mutant | -10/Mines Mutant | -10/Exiles Scavenger-Mutant | -9/Mines Scavenger-Mutant | -8/Materials Tank | -7/Factory Tank | -7/DSF Executioner | -6/Factory Executioner | -6/Lower Caves Executioner | -6/Lower Caves Executioner | -6/Data Miner Executioner | -5/Proximity Caves Scavenger-Executioner | -5/Factory Scavenger-Executioner | -5/Upper Caves Scavenger-Executioner | -5/Upper Caves Scavenger-Executioner | -5/Zhirov Scavenger-Executioner | -4/Proximity Caves Executioner | -4/Factory Resources | -11 -10 -10 -10 -9 -8 -7 -7 -6 -6 -6 -6 -5 -5 -5 -5 -5 -4 -4 ----------- Run | Yrd Mat Min Exi Min Mat Fac DSF Fac Low Low Dat Pro Fac Upp Upp Zhi Pro Fac Matter Collected 5584 | 200 . 68 . 104 117 105 122 548 80 309 . 1425 555 240 77 . 180 1454 Remotely . | . . . . . . . . . . . . . . . . . . . Salvage Created 5503 | . 144 285 . 128 150 . 168 840 14 65 . 282 12 126 171 . 67 3051 Parts 268 | . 15 12 . 15 10 . 13 51 . 2 . 6 2 7 9 . 2 124 Haulers Intercepted 3 | . . . . . . . . . . . . . . . . . . 3 Recyclers Shooed 8 | . . 1 . 1 . . . 3 . . . . 1 . . . . 2 Parts Field Recycled . | . . . . . . . . . . . . . . . . . . . Retrieved Matter . | . . . . . . . . . . . . . . . . . . . Parts Self-Destructed 115 | . . . . . . . . . 6 8 . 28 . 22 33 . 18 . Prevented 5 | . . . . . . . . . . 1 . 2 . . 1 . 1 . Kills | -11 -10 -10 -10 -9 -8 -7 -7 -6 -6 -6 -6 -5 -5 -5 -5 -5 -4 -4 ------- Run | Yrd Mat Min Exi Min Mat Fac DSF Fac Low Low Dat Pro Fac Upp Upp Zhi Pro Fac Combat Hostiles Destroyed 115 | . 2 5 . 8 6 . 5 17 2 1 . 5 . 2 5 . 1 56 Guns 45 | . 1 . . 6 2 . 3 9 . 1 . 2 . 1 2 . 1 17 Cannons 19 | . 1 5 . 2 . . . . . . . 3 . 1 3 . . 4 AOE 49 | . . . . . 4 . 2 8 2 . . . . . . . . 33 Classes Destroyed 18 | . 3 2 . . 3 . . 4 . . . . . 1 . . 1 4 Worker 6 | . . . . . 1 . . 2 . . . . 1 . . . . 2 Builder 7 | . 1 . . . . . . 2 . . . . . . . . . 4 Hauler 3 | . . . . . . . . . . . . . . . . . . 3 Recycler 5 | . . 1 . . . . . . . . . . . . . . . 4 Mechanic 1 | . . . . . . . . . . . . . . . . . . 1 Watcher 3 | . 1 . . . . . . 2 . . . . . . . . . . Swarmer 42 | . . 1 . 8 4 . 4 . 2 . . 3 . . 4 . 1 15 Saboteur 2 | . . . . . . . . . . . . . . . . . . 2 Grunt 37 | . 2 4 . . . . 1 5 . 1 . 2 . 1 1 . . 20 Brawler 3 | . . . . . . . . . . . . . . 1 . . . 2 Duelist 3 | . . . . . . . . . . . . . . . . . . 3 Protector 3 | . . . . . . . . 3 . . . . . . . . . . Sentry 5 | . . . . . 1 . . 3 . . . . . . . . . 1 Specialist 4 | . . . . . . . . 2 . . . . . . . . . 2 Hunter 9 | . . . . . 1 . . 2 . . . . . . . . . 6 Programmer 6 | . . . . . . . . 1 . . . . . . . . . 5 Behemoth 1 | . . . . . . . . 1 . . . . . . . . . . Samaritan 1 | . . . . . . . . . . . . . . . . . 1 . Wasp 2 | . . . . . . . . . . . . . . . . . . 2 Best Kill Streak 16 | . 3 5 . 3 5 . 4 6 2 1 . 3 1 1 2 . 1 16 Combat Bots Only 10 | . 1 3 . 3 4 . 4 5 2 1 . 3 . 1 2 . 1 10 Max Kills in Single Turn 4 | . 1 1 . 1 4 . 3 3 2 1 . 2 1 1 2 . 1 4 Gunslinging . | . . . . . . . . . . . . . . . . . . . Exploded 4 | . . . . . 4 . 2 2 2 . . . . . . . . 4 Melee . | . . . . . . . . . . . . . . . . . . . Uniques/NPCs Destroyed . | . . . . . . . . . . . . . . . . . . . Combat | -11 -10 -10 -10 -9 -8 -7 -7 -6 -6 -6 -6 -5 -5 -5 -5 -5 -4 -4 -------- Run | Yrd Mat Min Exi Min Mat Fac DSF Fac Low Low Dat Pro Fac Upp Upp Zhi Pro Fac Hostile Shots Fired 753 | . 9 47 . 33 39 . 5 108 10 18 . 79 . 16 43 . 25 321 Missed 255 | . 6 15 . 15 14 . 1 37 2 8 . 22 . 6 12 . 9 108 Damage Taken 10055 | . 39 291 . 186 361 . 44 1138 124 152 . 1230 20 456 503 . 529 4982 Core 1315 | . . 63 . 49 63 . . 63 . . . 217 . 30 60 . . 770 Absorbed by Shields 123 | . . . . . . . 15 108 . . . . . . . . . . Redirected to Shielding 340 | . . . . . 5 . . 8 . . . . . . . . 124 203 Ignored by Resistances 42 | . . . . . . . . . . . . . . . . . . 42 Regen/Repaired (Parts) 526 | . . . . . . . . 154 . . . . 132 . . . . 240 Core Remaining (%) 80 | 100 . . . 55 85 . 100 . . . . 59 . . . . 84 . Volleys Fired 255 | . 13 22 . 16 20 . 3 27 3 6 . 23 1 8 8 . 7 98 Largest 6 | . 2 2 . 2 3 . 5 6 3 6 . 5 2 6 6 . 5 6 Hottest 471 | . 120 120 . 112 106 . 151 194 84 277 . 264 165 471 456 . 285 454 Shots Fired 774 | . 26 43 . 32 40 . 13 112 4 14 . 55 2 33 31 . 20 349 Gun 563 | . 16 . . 26 38 . 12 96 2 7 . 30 1 25 27 . 15 268 Cannon 124 | . 10 43 . 6 1 . . . . 2 . 24 1 6 4 . 2 25 Launcher 77 | . . . . . 1 . 1 16 2 1 . 1 . 2 . . 1 52 Special 10 | . . . . . . . . . . 4 . . . . . . 2 4 Kinetic 277 | . . . . 26 31 . 12 96 2 5 . 2 . . . . . 103 Thermal 359 | . 18 34 . . 7 . . . . 2 . 43 2 31 27 . 13 182 Explosive 77 | . . . . . 1 . 1 16 2 1 . 1 . 2 . . 1 52 Electromagnetic 51 | . 8 9 . 6 1 . . . . 2 . 9 . . 4 . 4 8 Robot Hit Streak 24 | . 3 9 . 5 9 . 2 24 . 8 . 19 7 8 9 . 13 17 Robot Miss Streak 5 | . 4 5 . 4 2 . 2 3 2 3 . 1 . 3 4 . 1 5 Penetration Max 1 | . . . . . . . . . . . . . . . . . . 1 Secondary Targets 6 | . 1 . . . 1 . . . . . . . . . . . . 4 Max Gunslinging Chain 1 | . 1 . . . 1 . . . . . . . . . . . . 1 Shots Hit Robots 489 | . 14 24 . 15 31 . 4 74 . 10 . 41 1 17 22 . 17 219 Core Hits 342 | . 6 8 . 13 14 . 5 65 2 4 . 13 1 13 10 . 9 179 Critical Kills 2 | . . . . . . . . . . . . . . . . . . 2 Critical Parts Destroyed 7 | . . . . 1 1 . . . . . . . . . . . . 5 Critical Strikes 24 | . . . . 1 1 . . . . . . 1 . 2 2 . 1 16 Burn 15 | . . . . . . . . . . . . 1 . 2 2 . 1 9 Destroy 9 | . . . . 1 1 . . . . . . . . . . . . 7 Melee Attacks 4 | . . . . . . . . 3 . . . . . . . . 1 . Impact . | . . . . . . . . . . . . . . . . . . . Slashing 4 | . . . . . . . . 3 . . . . . . . . 1 . Piercing . | . . . . . . . . . . . . . . . . . . . Sneak Attacks 3 | . . . . . . . . 2 . . . . . . . . 1 . Combat Hostiles . | . . . . . . . . . . . . . . . . . . . Follow-up Attacks . | . . . . . . . . . . . . . . . . . . . Damage Inflicted 21267 | . 207 474 . 222 484 . 301 3247 201 243 . 1187 69 549 560 . 651 12872 Guns 7878 | . 115 . . 149 270 . 80 1307 . 128 . 405 21 312 446 . 268 4377 Cannons 2276 | . 88 474 . 73 19 . . . . 64 . 718 32 134 114 . 64 496 Explosions 10818 | . . . . . 195 . 221 1794 201 51 . 64 . 103 . . 221 7968 Melee 235 | . . . . . . . . 146 . . . . . . . . 89 . Ramming 60 | . 4 . . . . . . . . . . . 16 . . . 9 31 Kinetic 3663 | . . . . 149 169 . 80 1307 . 105 . 39 . . . . . 1814 Thermal 6100 | . 113 398 . . 101 . . . . 64 . 966 53 446 522 . 262 3175 Explosive 10636 | . . . . . 195 . 221 1794 201 51 . 64 . 103 . . 221 7786 Electromagnetic 573 | . 90 76 . 73 19 . . . . 23 . 118 . . 38 . 70 66 Impact . | . . . . . . . . . . . . . . . . . . . Slashing 235 | . . . . . . . . 146 . . . . . . . . 89 . Piercing . | . . . . . . . . . . . . . . . . . . . Highest Corruption 4 | . . . . 1 . . . 4 4 4 4 4 . . . . . 3 Average Corruption 3 | . . . . 1 . . . 3 4 4 4 4 . . . . . 1 Corruption Purged 3 | . . . . . . . . . . . . . . . . . . 3 Corruption Blocked . | . . . . . . . . . . . . . . . . . . . Effects 81 | . . . . . . . . 4 12 15 3 39 . . . . . 8 Message Errors 16 | . . . . . . . . . 2 4 1 8 . . . . . 1 Matter Fused 17 | . . . . . . . . 1 6 3 . 7 . . . . . . Heat Flow Errors 9 | . . . . . . . . . 1 2 . 6 . . . . . . Energy Discharges 14 | . . . . . . . . 1 1 5 1 4 . . . . . 2 Data Loss (minor) 11 | . . . . . . . . 1 1 1 1 7 . . . . . . Data Loss (major) 6 | . . . . . . . . . . . . 6 . . . . . . Misfires 3 | . . . . . . . . 1 . . . 1 . . . . . 1 Weapon Failures 5 | . . . . . . . . . 1 . . . . . . . . 4 Overload Shots . | . . . . . . . . . . . . . . . . . . . Overflow Damage 469 | . . 15 . . . . . 114 15 . . 88 . . . . . 237 Projectiles 140 | . . 15 . . . . . . . . . 88 . . . . . 37 Explosions 253 | . . . . . . . . 38 15 . . . . . . . . 200 Melee 76 | . . . . . . . . 76 . . . . . . . . . . Knockbacks . | . . . . . . . . . . . . . . . . . . . Impact . | . . . . . . . . . . . . . . . . . . . Kinetic . | . . . . . . . . . . . . . . . . . . . Secondary . | . . . . . . . . . . . . . . . . . . . Self-Inflicted Damage 697 | . . . . . 15 . . 209 . . . . . 21 . . . 452 Shots 20 | . . . . . 1 . . 6 . . . . . 1 . . . 12 Rammed 3 | . . . . . . . . . . . . . . . . . . 3 Targets Rammed 7 | . 1 . . . . . . . . . . . 1 . . . 2 3 Kicked 4 | . 1 . . . . . . . . . . . 1 . . . 2 . Crushed . | . . . . . . . . . . . . . . . . . . . Highest Temperature 439 | . 324 90 . 27 46 . 6 129 216 216 . 305 45 417 411 . 78 439 Average Temperature 113 | . 123 32 . 15 18 . 4 34 126 70 . 103 25 179 173 . 35 164 Received Heat Transfer 1386 | . 24 45 . . 45 . . 111 . 24 . 303 9 81 48 . 72 624 Effects 13 | . . . . . . . . . . . . 1 . 2 8 . . 2 Shutdowns 6 | . . . . . . . . . . . . . . 2 4 . . . Energy Bleed 3 | . . . . . . . . . . . . . . . 1 . . 2 Interference 3 | . . . . . . . . . . . . 1 . . 2 . . . Short Circuit 1 | . . . . . . . . . . . . . . . 1 . . . Siege Activations . | . . . . . . . . . . . . . . . . . . . Robots Corrupted . | . . . . . . . . . . . . . . . . . . . Combat Hostiles . | . . . . . . . . . . . . . . . . . . . Parts Fried . | . . . . . . . . . . . . . . . . . . . Impact Corruptions . | . . . . . . . . . . . . . . . . . . . Robots Melted 2 | . . . . . . . . . . . . . . . . . . 2 Combat Hostiles 2 | . . . . . . . . . . . . . . . . . . 2 Parts Melted 17 | . . 1 . . 2 . . 2 . . . . . . 1 . 1 10 Heat Transferred 11543 | . 259 851 . . 259 . . . . 100 . 1580 87 770 1149 . 650 5838 Parts Sabotaged 3 | . . . . . . . . . . . . . . . . . . 3 Parts Stolen . | . . . . . . . . . . . . . . . . . . . Parts Stripped . | . . . . . . . . . . . . . . . . . . . Power Chain Reactions 1 | . . . . . . . . . . . . . . . . . . 1 Missiles Intercepted . | . . . . . . . . . . . . . . . . . . . Alert | -11 -10 -10 -10 -9 -8 -7 -7 -6 -6 -6 -6 -5 -5 -5 -5 -5 -4 -4 ------- Run | Yrd Mat Min Exi Min Mat Fac DSF Fac Low Low Dat Pro Fac Upp Upp Zhi Pro Fac Peak Influence 3466 | . 177 410 . 302 299 140 351 1261 . . . . 533 . . . . 3466 Initial 184 | . . 69 . . 117 135 98 184 . . . . 72 . . . . 94 Average 716 | . 136 326 . 175 187 135 218 671 . . . . 322 . . . . 1218 Maximum Alert Level 5 | . . 2 . 1 1 . 1 4 . . . . 2 . . . . 5 Low Security (%) 32 | . 100 14 . 46 71 100 33 6 . . . . 17 . . . . 29 Level 1 19 | . . 37 . 53 28 . 66 . . . . . 66 . . . . 9 Level 2 14 | . . 48 . . . . . 47 . . . . 15 . . . . 2 Level 3 11 | . . . . . . . . 38 . . . . . . . . . 8 Level 4 7 | . . . . . . . . 8 . . . . . . . . . 15 Level 5 9 | . . . . . . . . . . . . . . . . . . 24 High Security 4 | . . . . . . . . . . . . . . . . . . 10 Max Security . | . . . . . . . . . . . . . . . . . . . Sterilizations 1 | . . . . . . . 1 . . . . . . . . . . . Squads Dispatched 44 | . . . . . 1 . 2 10 . . . . 3 . . . . 28 Investigation 11 | . . . . . . . . 4 . . . . 1 . . . . 6 Extermination 4 | . . . . . . . . 1 . . . . . . . . . 3 Reinforcement 12 | . . . . . 1 . 2 2 . . . . 2 . . . . 5 Assault 14 | . . . . . . . . 1 . . . . . . . . . 13 Garrison 3 | . . . . . . . . 2 . . . . . . . . . 1 Intercept . | . . . . . . . . . . . . . . . . . . . Searches Triggered . | . . . . . . . . . . . . . . . . . . . Data Miner Redirects 2 | . . . . . . . . . . . . . . . . . . 2 Construction Impeded 5 | . . . . . . . . 1 . . . . 1 . . . . 3 Haulers Reinforced 2 | . . . . . . . . 1 . . . . . . . . . 1 Active Scanning Responses 1 | . . . . . . . . . . . . . . . . . . 1 Cargo Convoy Interrupts 1 | . . . . . . . . 1 . . . . . . . . . . Stealth | -11 -10 -10 -10 -9 -8 -7 -7 -6 -6 -6 -6 -5 -5 -5 -5 -5 -4 -4 --------- Run | Yrd Mat Min Exi Min Mat Fac DSF Fac Low Low Dat Pro Fac Upp Upp Zhi Pro Fac Distress Signals 6 | . 1 . . . 2 . . . . . . . . . . . . 3 Communications Jammed . | . . . . . . . . . . . . . . . . . . . Distress Signals . | . . . . . . . . . . . . . . . . . . . Times Spotted 279 | . 8 12 . 10 11 . 6 33 5 5 . 21 7 14 17 . 11 119 Peak Tracking Total 22 | . 3 3 . 4 5 . 3 12 3 3 . 5 3 7 5 . 5 22 Tactical Retreats 2 | . . . . . . . . . . . . . . . . . . 2 Traps | -11 -10 -10 -10 -9 -8 -7 -7 -6 -6 -6 -6 -5 -5 -5 -5 -5 -4 -4 ------- Run | Yrd Mat Min Exi Min Mat Fac DSF Fac Low Low Dat Pro Fac Upp Upp Zhi Pro Fac Traps Triggered 5 | . . . . . . . 1 2 . . . . . . . . . 2 Indirectly . | . . . . . . . . . . . . . . . . . . . Trap Hack Attempts . | . . . . . . . . . . . . . . . . . . . Triggered . | . . . . . . . . . . . . . . . . . . . Disarmed . | . . . . . . . . . . . . . . . . . . . Reprogrammed . | . . . . . . . . . . . . . . . . . . . Reused . | . . . . . . . . . . . . . . . . . . . Traps Extracted . | . . . . . . . . . . . . . . . . . . . Installed . | . . . . . . . . . . . . . . . . . . . Triggered . | . . . . . . . . . . . . . . . . . . . Machines | -11 -10 -10 -10 -9 -8 -7 -7 -6 -6 -6 -6 -5 -5 -5 -5 -5 -4 -4 ---------- Run | Yrd Mat Min Exi Min Mat Fac DSF Fac Low Low Dat Pro Fac Upp Upp Zhi Pro Fac Machines Disabled 35 | . . . . . . . 1 14 1 . . 1 1 3 . . . 14 Max in Single Turn 4 | . . . . . . . 1 1 1 . . . . . . . . 4 Garrison Access 1 | . . . . . . . . . . . . . . . . . . 1 Machines Repaired . | . . . . . . . . . . . . . . . . . . . Machines Dismantled . | . . . . . . . . . . . . . . . . . . . Machines Sabotaged . | . . . . . . . . . . . . . . . . . . . Overloaded Fab Kills . | . . . . . . . . . . . . . . . . . . . Hacking | -11 -10 -10 -10 -9 -8 -7 -7 -6 -6 -6 -6 -5 -5 -5 -5 -5 -4 -4 --------- Run | Yrd Mat Min Exi Min Mat Fac DSF Fac Low Low Dat Pro Fac Upp Upp Zhi Pro Fac Machines Accessed 32 | . 1 . 1 . . 1 . 9 . 1 4 . 2 1 . 5 . 7 Terminals 7 | . 1 . . . . 1 . 3 . . . . 1 . . . . 1 Fabricators 2 | . . . . . . . . 1 . . . . . . . . . 1 Repair Stations 4 | . . . . . . . . 2 . . . . 1 . . . . 1 Recycling Units 5 | . . . . . . . . 2 . . . . . . . . . 3 Scanalyzers . | . . . . . . . . . . . . . . . . . . . Garrison Access 2 | . . . . . . . . 1 . . . . . . . . . 1 Total Hacks 120 | . 4 . 1 . . 1 . 35 . 1 31 . 4 1 . 18 . 24 Successful 86 | . . . 1 . . 1 . 15 . 1 31 . 2 1 . 18 . 16 Failed 34 | . 4 . . . . . . 20 . . . . 2 . . . . 8 Catastrophic 9 | . . . . . . . . 6 . . . . 1 . . . . 2 Database Lockouts . | . . . . . . . . . . . . . . . . . . . Manual 19 | . 2 . . . . . . 10 1 . . . 2 . . . . 4 Terminals 21 | . 4 . . . . 1 . 10 . . . . 2 . . . . 4 Fabricators 4 | . . . . . . . . 1 . . . . . . . . . 3 Repair Stations 22 | . . . . . . . . 11 . . . . 2 . . . . 9 Recycling Units 17 | . . . . . . . . 10 . . . . . . . . . 7 Scanalyzers . | . . . . . . . . . . . . . . . . . . . Garrison Access 4 | . . . . . . . . 3 . . . . . . . . . 1 Terminal Hacks 54 | . . . 1 . . 1 . . . 1 31 . . 1 . 18 . 1 Record 19 | . . . 1 . . . . . . . 11 . . 1 . 6 . . Part Schematic 15 | . . . . . . . . . . . 11 . . . . 4 . . Robot Schematic 6 | . . . . . . . . . . . 6 . . . . . . . Robot Analysis 4 | . . . . . . . . . . . . . . . . 4 . . Prototype ID Bank 7 | . . . . . . . . . . . 3 . . . . 4 . . Open Door 1 | . . . . . . . . . . 1 . . . . . . . . Open DSF 1 | . . . . . . 1 . . . . . . . . . . . . Recall Extermination 1 | . . . . . . . . . . . . . . . . . . 1 Fabricator Hacks 2 | . . . . . . . . 1 . . . . . . . . . 1 Network Status 1 | . . . . . . . . 1 . . . . . . . . . . Load Schematic 1 | . . . . . . . . . . . . . . . . . . 1 Repair Station Hacks 18 | . . . . . . . . 8 . . . . 2 . . . . 8 Scan Component 10 | . . . . . . . . 4 . . . . 1 . . . . 5 Repair 8 | . . . . . . . . 4 . . . . 1 . . . . 3 Recycling Unit Hacks 7 | . . . . . . . . 4 . . . . . . . . . 3 Process 1 | . . . . . . . . 1 . . . . . . . . . . Report Inventory 5 | . . . . . . . . 2 . . . . . . . . . 3 Retrieve Matter 1 | . . . . . . . . 1 . . . . . . . . . . Scanalyzer . | . . . . . . . . . . . . . . . . . . . Garrison Access Hacks . | . . . . . . . . . . . . . . . . . . . Unauthorized Hacks 5 | . . . . . . . . 2 . . . . . . . . . 3 Terminals 2 | . . . . . . . . 1 . . . . . . . . . 1 Botnet 2 | . . . . . . . . 1 . . . . . . . . . 1 Fabricators . | . . . . . . . . . . . . . . . . . . . Repair Stations . | . . . . . . . . . . . . . . . . . . . Recycling Units 1 | . . . . . . . . . . . . . . . . . . 1 Tunnel 1 | . . . . . . . . . . . . . . . . . . 1 Scanalyzers . | . . . . . . . . . . . . . . . . . . . Garrison Access 2 | . . . . . . . . 1 . . . . . . . . . 1 Reprogram 1 | . . . . . . . . 1 . . . . . . . . . . Jam 1 | . . . . . . . . . . . . . . . . . . 1 Data Cores Recovered . | . . . . . . . . . . . . . . . . . . . Used . | . . . . . . . . . . . . . . . . . . . Hacking Detections 13 | . 1 . . . . . . 7 . . . . 1 . . . . 4 Full Trace Events 8 | . 1 . . . . . . 3 . . . . 1 . . . . 3 Feedback Events 2 | . . . . . . . . 1 . . . . . . . . . 1 Corruption 2 | . . . . . . . . 1 . . . . . . . . . 1 Feedback Blocked . | . . . . . . . . . . . . . . . . . . . Robot Schematics Acquired 6 | . . . . . . . . . . . 6 . . . . . . . Robots Built . | . . . . . . . . . . . . . . . . . . . Authchips . | . . . . . . . . . . . . . . . . . . . Time . | . . . . . . . . . . . . . . . . . . . Total Robot Build Rating . | . . . . . . . . . . . . . . . . . . . Part Schematics Acquired 15 | . . . . . . . . . . . 11 . . . . 4 . . Parts Built . | . . . . . . . . . . . . . . . . . . . Authchips . | . . . . . . . . . . . . . . . . . . . Time . | . . . . . . . . . . . . . . . . . . . Total Part Build Rating . | . . . . . . . . . . . . . . . . . . . Parts Repaired 8 | . . . . . . . . 4 . . . . 1 . . . . 3 Time 412 | . . . . . . . . 188 . . . . 50 . . . . 174 Parts Recycled . | . . . . . . . . . . . . . . . . . . . Recycled Matter 454 | . . . . . . . . 454 . . . . . . . . . . Retrieved Matter 623 | . . . . . . . . 623 . . . . . . . . . . Retrieved Components . | . . . . . . . . . . . . . . . . . . . Parts Scanalyzed . | . . . . . . . . . . . . . . . . . . . Part Schematics Acquired . | . . . . . . . . . . . . . . . . . . . Parts Damaged . | . . . . . . . . . . . . . . . . . . . Bothacking | -11 -10 -10 -10 -9 -8 -7 -7 -6 -6 -6 -6 -5 -5 -5 -5 -5 -4 -4 ------------ Run | Yrd Mat Min Exi Min Mat Fac DSF Fac Low Low Dat Pro Fac Upp Upp Zhi Pro Fac Used RIF Installer . | . . . . . . . . . . . . . . . . . . . Robots Hacked . | . . . . . . . . . . . . . . . . . . . Non-combat . | . . . . . . . . . . . . . . . . . . . Combat . | . . . . . . . . . . . . . . . . . . . Robot Hacks Applied . | . . . . . . . . . . . . . . . . . . . Relay Couplers Released . | . . . . . . . . . . . . . . . . . . . Fabnet Peak Effective % . | . . . . . . . . . . . . . . . . . . . Robots Rewired 2 | . . . 2 . . . . . . . . . . . . . . . Allies Hacked 1 | . . . . . . . . . . . . . . . . . . 1 Hacks Repelled . | . . . . . . . . . . . . . . . . . . . Allies | -11 -10 -10 -10 -9 -8 -7 -7 -6 -6 -6 -6 -5 -5 -5 -5 -5 -4 -4 -------- Run | Yrd Mat Min Exi Min Mat Fac DSF Fac Low Low Dat Pro Fac Upp Upp Zhi Pro Fac Total Allies 11 | . 1 . 2 . . . . 6 . . . 1 1 . . . . . Largest Group 7 | . 1 1 3 3 3 1 1 7 7 6 3 3 3 3 2 2 2 2 Highest-Rated Group 320 | . 57 57 86 86 88 78 93 287 279 258 169 209 320 320 226 228 228 249 Highest-Rated Ally 160 | . 57 57 57 57 62 78 93 107 107 107 107 113 125 125 128 130 130 160 Warlord Squad Rendezvous 3 | . . . . . . . . . . . . . 2 . . . . 1 Dakka 2 | . . . . . . . . . . . . . 1 . . . . 1 Muscle 1 | . . . . . . . . . . . . . 1 . . . . . Total Orders 2 | . . . . . . . . . . . . . . 2 . . . . EXPLORE 1 | . . . . . . . . . . . . . . 1 . . . . RETURN 1 | . . . . . . . . . . . . . . 1 . . . . Ally Attacks 439 | . 18 19 . 3 13 . 3 63 22 50 . 40 34 34 17 . 23 100 Total Damage 22650 | . 152 313 . 93 273 . 191 3536 463 1143 . 2455 1723 3087 899 . 1636 6686 Kills 164 | . 3 6 . 2 3 . 3 21 4 6 . 17 14 15 12 . 11 47 Allies Corrupted . | . . . . . . . . . . . . . . . . . . . Allies Melted . | . . . . . . . . . . . . . . . . . . . Intel | -11 -10 -10 -10 -9 -8 -7 -7 -6 -6 -6 -6 -5 -5 -5 -5 -5 -4 -4 ------- Run | Yrd Mat Min Exi Min Mat Fac DSF Fac Low Low Dat Pro Fac Upp Upp Zhi Pro Fac Robot Analysis Total 4 | . . . . . . . . . . . . . . . . 4 . . Derelict Logs Recovered 6 | . . . . 1 . . . . 2 . . 1 . 1 1 . . . Drone Launches 2 | . . . . . . . . . . . . . . 2 . . . . Drone Recoveries 1 | . . . . . . . . . . . . . . 1 . . . . Exploration | -11 -10 -10 -10 -9 -8 -7 -7 -6 -6 -6 -6 -5 -5 -5 -5 -5 -4 -4 ------------- Run | Yrd Mat Min Exi Min Mat Fac DSF Fac Low Low Dat Pro Fac Upp Upp Zhi Pro Fac Turns Passed 11256 | . 384 220 202 186 152 216 311 1121 468 729 149 2287 646 733 589 285 440 2138 Spaces Moved 6353 | 1 220 114 135 171 140 121 191 621 237 458 79 1272 426 365 332 185 333 952 Core 6 | . . . . . . . . . . . . . . . . . . 6 Treads 544 | . . . . . . . . . . . . . . . . . . 544 Legs 5374 | 1 220 114 135 27 . . 177 621 237 458 79 1272 426 365 332 185 333 392 Wheels . | . . . . . . . . . . . . . . . . . . . Hover . | . . . . . . . . . . . . . . . . . . . Flight 429 | . . . . 144 140 121 14 . . . . . . . . . . 10 Fastest Speed 34 | 120 120 120 120 37 34 34 110 120 190 120 190 120 120 120 120 120 120 35 Average Speed 142 | 120 120 120 120 59 50 142 121 124 190 142 190 163 120 187 162 120 120 154 Slowest Speed 360 | 120 120 120 120 360 120 194 190 190 190 190 190 190 120 190 190 190 120 250 Overloaded Moves . | . . . . . . . . . . . . . . . . . . . Propulsion Burnouts . | . . . . . . . . . . . . . . . . . . . Robots Hopped 11 | . . . . 5 . . . . . 1 . . . . . . . 5 Cave-ins Triggered . | . . . . . . . . . . . . . . . . . . . Teleports 1 | . . . . . . . . . . . . . . . . . . 1 Exploration Rate (%) 45 | 2 41 28 50 45 13 5 92 24 60 67 68 98 9 62 56 60 55 29 Regions Visited 18 Branch Regions 11 Pre-discovered Areas 7 | . . . 1 . . . . . 1 . 1 . . . . 3 . 1 Known Exits Taken 13 | . . . . 1 1 1 . 1 1 1 1 1 1 1 1 1 1 . Unknown Exits Taken 4 | 1 1 1 1 . . . . . . . . . . . . . . . Scrap Searched 12 | . . 2 . 1 . . . . . 2 . 2 . 2 2 . 1 . Spaces Dug 2 | . . . . . . . . . . . . 2 . . . . . . Terrain Destroyed 657 | . . . . . 7 . 14 72 24 15 . 5 . 21 . . 10 489 Melee . | . . . . . . . . . . . . . . . . . . . Projectile 29 | . . . . . . . . . . . . 4 . 2 . . . 23 AOE 628 | . . . . . 7 . 14 72 24 15 . 1 . 19 . . 10 466 Terrain Rammed . | . . . . . . . . . . . . . . . . . . . Walls Destroyed . | . . . . . . . . . . . . . . . . . . . Machines Disabled . | . . . . . . . . . . . . . . . . . . . Actions | -11 -10 -10 -10 -9 -8 -7 -7 -6 -6 -6 -6 -5 -5 -5 -5 -5 -4 -4 --------- Run | Yrd Mat Min Exi Min Mat Fac DSF Fac Low Low Dat Pro Fac Upp Upp Zhi Pro Fac Total 7961 | . 318 155 175 224 189 167 264 897 250 520 78 1433 555 396 361 248 354 1377 Wait 988 | . 52 11 35 23 9 28 54 210 6 34 . 130 104 13 10 36 5 228 Move 6318 | . 219 113 134 161 139 121 190 620 236 455 78 1271 425 364 331 184 332 945 Hop 7 | . . . . 4 . . . . . 1 . . . . . . . 2 Pick Up 37 | . 14 2 1 . 3 2 5 1 . 2 . . 1 . . 2 1 3 Fast Attach 144 | . 2 . . 6 7 4 4 16 3 8 . 5 13 7 7 11 4 47 Attach 17 | . . . . . 2 1 . . 1 3 . . 1 . . 2 . 7 Detach 22 | . 1 . . 2 1 2 . 3 1 1 . . 2 1 . 1 . 7 Swap 32 | . 3 2 . 3 3 3 1 7 . . . 1 2 . . . . 7 Drop 125 | . 13 5 . 9 5 6 7 10 . 10 . 3 5 3 5 12 2 30 Fire 255 | . 13 22 . 16 20 . 3 27 3 6 . 23 1 8 8 . 7 98 Melee 4 | . . . . . . . . 3 . . . . . . . . 1 . Ram . | . . . . . . . . . . . . . . . . . . . Kick 4 | . 1 . . . . . . . . . . . 1 . . . 2 . Crush 3 | . . . . . . . . . . . . . . . . . . 3 Escape Stasis . | . . . . . . . . . . . . . . . . . . . Rewire 5 | . . . 5 . . . . . . . . . . . . . . . Trap . | . . . . . . . . . . . . . . . . . . . Miscellaneous . | . . . . . . . . . . . . . . . . . . . Route ------- -11/Scrapyard -10/Materials (discovered 2 exits: [*Mat] / [*Min]) -10/Mines -10/Exiles -9/Mines -8/Materials -7/Factory -7/DSF -6/Factory (discovered 2 exits: *Fac / *Low) -6/Lower Caves -6/Lower Caves (discovered 2 exits: *Fac / *Dat) -6/Data Miner -5/Proximity Caves -5/Factory -5/Upper Caves -5/Upper Caves (discovered 2 exits: *Fac / *Zhi) -5/Zhirov -4/Proximity Caves -4/Factory (discovered 1 exit: [*Res]) History --------- Turn | Location | Event 1 | -11/Scrapyard | Discovered new exit (range 0) 1 | -11/Scrapyard | Entered Materials 79 | -10/Materials | Discovered new exit (range 9) 296 | -10/Materials | Discovered new exit (range 5) 318 | -10/Materials | Build established: Mutant 385 | -10/Materials | Entered Mines 511 | -10/Mines | YI-UF0 nonchalantly dropped a Grenade Launcher on the ground 596 | -10/Mines | Deemed a non-threat by the Exiles lab entrance 597 | -10/Mines | Discovered new exit (range 5) 605 | -10/Mines | Entered Exiles 605 | -10/Exiles | Found Exiles lab destroyed 725 | -10/Exiles | Learned location of Zion (-7) 761 | -10/Exiles | Discovered new exit (range 11) 807 | -10/Exiles | Entered Mines 807 | -9/Mines | Accompanied by 2 allies 874 | -9/Mines | Identified exit to Materials 993 | -9/Mines | Entered Materials 993 | -8/Materials | Accompanied by 2 allies 993 | -8/Materials | Evolved 4 slots: Propulsion x1, Utility x2, Weapon x1 1092 | -8/Materials | Lost 4 parts (1p1n1u1w) 1106 | -8/Materials | Discovered new exit (range 11) 1124 | -8/Materials | Identified exit to Factory 1145 | -8/Materials | Entered Factory 1145 | -7/Factory | Evolved 2 slots: Weapon x2 1348 | -7/Factory | Identified exit to DSF 1361 | -7/Factory | Entered DSF 1362 | -7/DSF | Joined Warlord attack on 0b10 via DSF 1381 | -7/DSF | Additional patrols routed to DSF 1426 | -7/DSF | Build established: Tank 1442 | -7/DSF | Discovered new exit (range 16) 1612 | -7/DSF | Sterilization system engaged 1629 | -7/DSF | Identified exit to Factory 1632 | -7/DSF | Ambient heat levels rising (+10) 1647 | -7/DSF | Ambient heat levels rising (+10) 1662 | -7/DSF | Ambient heat levels rising (+10) 1672 | -7/DSF | Entered Factory 1672 | -6/Factory | Evolved 2 slots: Utility x1, Weapon x1 1978 | -6/Factory | Build established: Executioner 2110 | -6/Factory | Repaired Shield Generator 2135 | -6/Factory | Discovered new exit (range 15) 2154 | -6/Factory | Discovered new exit (range 15) 2296 | -6/Factory | Found Prototype Processor 2296 | -6/Factory | Identified Exp. Targeting Computer 2371 | -6/Factory | Repaired Prc. Assault Rifle 2442 | -6/Factory | Repaired Prc. Assault Rifle 2476 | -6/Factory | Repaired Imp. Ion Engine 2512 | -6/Factory | Spotted B-75 Beast 2525 | -6/Factory | Destroyed B-75 Beast 2614 | -6/Factory | Cargo convoy interrupted 2675 | -6/Factory | Garrison activated, responded to threat 2684 | -6/Factory | Allied Derelicts emerged from ambush trap array 2722 | -6/Factory | First assault squad dispatched 2789 | -6/Factory | Identified exit to Lower Caves 2793 | -6/Factory | Entered Lower Caves 2793 | -6/Lower Caves | Accompanied by 6 allies 2800 | -6/Lower Caves | Met a Warlord Commander 2801 | -6/Lower Caves | Learned location of Warlord (-4) 2811 | -6/Lower Caves | Found Encrypted Comm Array 3133 | -6/Lower Caves | Learned Factory machine intel 3183 | -6/Lower Caves | Acquired the password to a Derelict Tinkerer's latest research 3212 | -6/Lower Caves | Found Prototype Special Weapon 3212 | -6/Lower Caves | Identified Molecular Deconstructor 3242 | -6/Lower Caves | Discovered new exit (range 10) 3244 | -6/Lower Caves | Learned Factory machine intel 3259 | -6/Lower Caves | Identified exit to Lower Caves 3261 | -6/Lower Caves | Entered another Lower Caves area 3261 | -6/Lower Caves | Accompanied by 5 allies 3313 | -6/Lower Caves | Discovered new exit (range 4) 3322 | -6/Lower Caves | Identified exit to Factory 3420 | -6/Lower Caves | Encountered a Warlord checkpoint 3436 | -6/Lower Caves | Spotted B-75 Beast 3456 | -6/Lower Caves | Allies destroyed B-75 Beast 3792 | -6/Lower Caves | Found Prototype Device 3792 | -6/Lower Caves | Identified Heart of Steel 3938 | -6/Lower Caves | Discovered new exit (range 16) 3965 | -6/Lower Caves | Identified exit to Data Miner 3990 | -6/Lower Caves | Entered Data Miner 3990 | -6/Data Miner | Accompanied by 2 allies 3990 | -6/Data Miner | Discovered new exit (range 6) 4027 | -6/Data Miner | Met Data Miner 4065 | -6/Data Miner | Learned location of Section 7 (-3) 4065 | -6/Data Miner | Acquired the access code to Warlord's prototype stash 4095 | -6/Data Miner | Received God Mode back door access code from Data Miner 4137 | -6/Data Miner | Identified exit to Proximity Caves 4139 | -6/Data Miner | Entered Proximity Caves 4139 | -5/Proximity Caves | Accompanied by 2 allies 4319 | -5/Proximity Caves | Attracted the attention of an 0b10 checkpoint 4489 | -5/Proximity Caves | Learned Factory security intel 5508 | -5/Proximity Caves | Spotted B-75 Beast 5524 | -5/Proximity Caves | Allies destroyed B-75 Beast 5588 | -5/Proximity Caves | Lost 3 parts (1p1n1w) 6284 | -5/Proximity Caves | Build established: Gunner 6316 | -5/Proximity Caves | Escorted by Enhanced Grunt 6366 | -5/Proximity Caves | Discovered exit to Factory (range 9) 6426 | -5/Proximity Caves | Entered Factory 6426 | -5/Factory | Accompanied by 1 ally 6426 | -5/Factory | Evolved 2 slots: Power x1, Utility x1 6428 | -5/Factory | Loaded intel: 259 machine locations 6557 | -5/Factory | Discovered new exit (range 16) 6595 | -5/Factory | Identified exit to Upper Caves 6624 | -5/Factory | Heart of Steel transformed into Warbot 6650 | -5/Factory | Joined by Warlord Muscle squad 6917 | -5/Factory | Joined by Warlord Dakka squad 6981 | -5/Factory | Repaired Hvy. Plasma Cannon 7024 | -5/Factory | Build established: Scavenger-Executioner 7072 | -5/Factory | Entered Upper Caves 7072 | -5/Upper Caves | Accompanied by 2 allies (Warbot) 7117 | -5/Upper Caves | Found Alien Artifact 7117 | -5/Upper Caves | Identified Dimensional Node Initializer 7117 | -5/Upper Caves | Initialized slip node 7318 | -5/Upper Caves | Spotted B-75 Beast 7331 | -5/Upper Caves | Allies destroyed B-75 Beast 7453 | -5/Upper Caves | Learned location of 1 exit from Proximity Caves 7608 | -5/Upper Caves | Attracted the attention of an 0b10 outpost 7788 | -5/Upper Caves | Discovered new exit (range 7) 7797 | -5/Upper Caves | Identified exit to Upper Caves 7805 | -5/Upper Caves | Entered another Upper Caves area 7805 | -5/Upper Caves | Accompanied by 1 ally (Warbot) 7805 | -5/Upper Caves | Discovered new exit (range 11) 8336 | -5/Upper Caves | Discovered new exit (range 4) 8345 | -5/Upper Caves | Identified exit to Zhirov 8355 | -5/Upper Caves | Learned Factory stockpile data 8377 | -5/Upper Caves | Encountered a Warlord checkpoint 8394 | -5/Upper Caves | Entered Zhirov 8394 | -5/Zhirov | Accompanied by 1 ally (Warbot) 8394 | -5/Zhirov | Discovered new exit (range 3) 8416 | -5/Zhirov | Met Zhirov 8447 | -5/Zhirov | Learned location of Quarantine (-3) 8447 | -5/Zhirov | Learned location of Testing (-2) 8447 | -5/Zhirov | Learned location of Command (-1) 8454 | -5/Zhirov | Zhirov requested help retrieving the SGEMP Prototype 8585 | -5/Zhirov | Found Alien Artifact 8604 | -5/Zhirov | Found Alien Artifact 8604 | -5/Zhirov | Identified Integrated Dissipator 8604 | -5/Zhirov | Installed Integrated Dissipator, increased core heat dissipation (+20) 8654 | -5/Zhirov | Identified exit to Proximity Caves 8679 | -5/Zhirov | Entered Proximity Caves 8679 | -4/Proximity Caves | Accompanied by 1 ally (Warbot) 8680 | -4/Proximity Caves | Identified exit to Factory 8998 | -4/Proximity Caves | Spotted B-86 Titan 9014 | -4/Proximity Caves | Allies destroyed B-86 Titan 9119 | -4/Proximity Caves | Entered Factory 9119 | -4/Factory | Accompanied by 1 ally (Warbot) 9119 | -4/Factory | Evolved 2 slots: Utility x2 9121 | -4/Factory | Loaded intel: 247 machine locations 9157 | -4/Factory | Joined by Warlord Dakka squad 9243 | -4/Factory | Repaired Lgt. Angular Momentum Engine 9324 | -4/Factory | Repaired Exp. Power Shielding 9370 | -4/Factory | Repaired Hvy. Riot Gun 9593 | -4/Factory | Lost 3 allies 9673 | -4/Factory | Build established: Executioner 9967 | -4/Factory | Found Prototype Device 9967 | -4/Factory | Identified Active Sensor Suite 10019 | -4/Factory | Destroyed 10 combat bots 10147 | -4/Factory | First assault squad dispatched 10399 | -4/Factory | Lost 3 parts (2u1w) 10427 | -4/Factory | Incoming assault squad redirected 10537 | -4/Factory | Incoming assault squad redirected 10593 | -4/Factory | Lost 4 parts (1u3w) 10859 | -4/Factory | Destroyed 7 combat bots 10889 | -4/Factory | Build established: Scavenger-Executioner 11041 | -4/Factory | High security lockdown imminent 11121 | -4/Factory | High security lockdown engaged 11181 | -4/Factory | Garrison activated, responded to threat 11184 | -4/Factory | Identified Transdimensional Reconstructor 11184 | -4/Factory | Warped through subspace 11215 | -4/Factory | Lost 6 parts (1p2n2u1w) 11242 | -4/Factory | Discovered new exit (range 15) 11243 | -4/Factory | Core integrity fell below 50% 11254 | -4/Factory | Core integrity fell below 20% 11257 | -4/Factory | Core destroyed Last Messages --------------- 11245_ E-15 Imp destroyed. 11245_ Mic. Fission Core destroyed. 11246_ Dropped Adv. Heat Sink. 11246_ Y-64 Sentinel destroyed. 11247_ Player 2 suffers critical hit (Burn). 11247_ Slug penetrates Player 2. 11248_ Acquired Cesium-ion Thruster. 11249_ Player 2 attaches Adv. Plasma Cannon. 11249_ Cesium-ion Thruster severed. 11250_ Acquired Cesium-ion Thruster. 11250_ Slug penetrates G-67 Veteran. 11250_ G-67 Veteran destroyed. 11251_ The unstable cave ceiling collapses. 11253_ Penetrated by Slug. 11253_ Cesium-ion Thruster destroyed. 11253_ Penetrated by Slug. 11254_ Slug penetrates Wall. 11254_ Player 2 removes Unknown Storage. 11255_ Slug penetrates Wall. 11255_ Penetrated by Slug. Map ----- +----------------------------------------------------+ | ??????????????????????""????????????????????????"" | | "??????"""""??????????""???????????????????????""S | | ???????"""""??????????""??????????"""??????????""? | | ???????"""?????????????S??????????"""????????????? | | ??????????????????????""??????????"""????????????? | | ??????????????????????""?????????????????????????? | | ??????????????????????""??????????"""????????????? | | ??????????????????????????????????"""????????????? | | ??????????????????????????????????"""????????????? | | ?????????????????????????????????????????????????? | | ?????????????????????????##????????????##????????? | | ????????????????????????? ???????????? ????????? | | ????????????????????????? ???????????? ????????? | | ????????????????????????? ???????????? ????????? | | ??????""""??????????????? ???????????? ????????? | | ??????""""??????????????# ???????????? ????????? | | "?????""""??????????????# ???????????? #???????? | | "?????""""??????????????# ???????????? #???"""?? | | "???????????????????????+ ???????????? +???"""?? | | "???????????????????????# #????????????# #???"""?? | | ????????????????????????# #?############ #????""?? | | ??????????????????????### ### """"" # #????""?? | | ??????????????????????# Y # """"" # #???????? | | ??????????????????????# Y# """ !# #####???? | | ??????????????????????# < g% Yg !==[ #???? | | ??????????????????????#= @ YYY b l %! #???? | | ??????????????????????# ######## ##### | | ??????????????????????###+###????? [ | | ????????????"""????????????????? !% # #### | | ????????????"""???????""G""???# % [ ##??? | | ????????????"""????????"?"????# ??? | | ???????????????????????"?"????# % "" | | ??????????????????????????????# "" | | ????????????????????????????? " *% "" | | ???????????????????????????? # = | | ???????????????????????????? ######## | | ???????????????????????????# " #! | | ???????????????????????????? "%" # | | ?????????????????????????????! " % [[[ | | ????????????????????????????? [%= #[[[ " | | ??????????????????????""""""" %[= [[ " | | """???????????????????""""""" T | | """???????????????????"""""" " | | """???????????????????"""""""?# % " | | ??????????????????????????????# = ! | | """????????????????????????????###### % #+# | | """???????????????????????? | | """???????????????????????? | | ??????????????????????????? | | """?????????????????????????######### #### # " | +----------------------------------------------------+ Best States ------------- Heat Dissipation 101 Energy Generation 31 Energy Capacity 1000 Matter Stores 350 Matter Capacity 350 Sight Range 16 Robot Scan Range 20 Terrain Scan Range 16 Terrain Scan Density 10 Base Temperature (-) 200 Armor Coverage 450 Resistance: KI 20 Resistance: EM 25 Power Shielding 90 Propulsion Shielding 33 Utility Shielding 33 Evasion (%) 63 Targeting Accuracy 12 Core Analysis 6 Recoil Reduction 3 Offensive Hacking 14 Defensive Hacking 24 Authchip Count 2 Item Schematics ----------------- Combat Drone Bay | -6/Data Miner | Free Lgt. Regenerative Plating | -6/Data Miner | Free Cld. Gravmag System | -6/Data Miner | Free Mni. Smartbomb Launcher | -6/Data Miner | Free Imp. Antigrav System | -6/Data Miner | Free Prc. Energy Filter | -6/Data Miner | Free Arm. Heavy Treads | -6/Data Miner | Free Impulse Thruster | -6/Data Miner | Free Neutrino Core | -6/Data Miner | Free Hvy. Gauss Cannon | -6/Data Miner | Free Graphene Brace | -6/Data Miner | Free Assault Drone Bay | -5/Zhirov | Free Exp. Heat Sink | -5/Zhirov | Free Imp. Arc Thrower | -5/Zhirov | Free Exp. Optical Array | -5/Zhirov | Free Robot Schematics ------------------ M-30 Cleanser | -6/Data Miner | Free X-67 Chaingunner | -6/Data Miner | Free A-27 Freighter | -6/Data Miner | Free H-77 Assassin | -6/Data Miner | Free G-50 Soldier | -6/Data Miner | Free R-10 Processor | -6/Data Miner | Free Fabricated ------------ Nothing Alien Tech Used ----------------- Dimensional Node Initializer Integrated Dissipator Transdimensional Reconstructor Achievements -------------- None Challenges ------------ None Player 2 | -11 -10 -10 -10 -9 -8 -7 -7 -6 -6 -6 -6 -5 -5 -5 -5 -5 -4 -4 ---------- Run | Yrd Mat Min Exi Min Mat Fac DSF Fac Low Low Dat Pro Fac Upp Upp Zhi Pro Fac Slots Evolved 12 | . . . . 4 2 . 2 . . . . 2 . . . . 2 . Power 1 | . . . . 1 . . . . . . . . . . . . . . Propulsion 3 | . . . . 1 . . 1 . . . . 1 . . . . . . Utility 6 | . . . . 1 2 . 1 . . . . 1 . . . . 1 . Weapon 2 | . . . . 1 . . . . . . . . . . . . 1 . Parts Attached 111 | . 7 3 . 1 3 6 11 15 1 1 . 8 4 3 6 1 1 40 Parts Lost 27 | . . . . . . . . 3 . . . 1 . . . . 1 22 Damage Taken 5363 | . 15 144 . . 42 . 100 998 . 94 . 325 133 557 9 . 177 2769 Core 479 | . . . . . 15 . . 65 . . . . 64 . . . . 335 Player 2/Cogmind (%) 26 | . . . . . 19 . . 50 . . . . 100 . . . . 30 Absorbed by Shields . | . . . . . . . . . . . . . . . . . . . Damage Inflicted 15960 | . 152 313 . . 228 . 191 3084 169 360 . 2096 703 1889 184 . 610 5981 Player 2/Cogmind (%) 42 | . 42 39 . . 32 . 38 48 45 59 . 63 91 77 24 . 48 31 Combat Hostiles Destroyed 94 | . 2 6 . . 2 . 3 15 2 1 . 10 4 8 3 . 4 34 Player 2/Cogmind (%) 44 | . 50 54 . . 25 . 37 46 50 50 . 66 100 80 37 . 80 37 Game ------ Seed RainbowHeartSword Manual? 0 Play Time 01:13:20 Cumulative 650.9 hours Start 2024.02.11 @ 01:30:00 End 2024.02.11 @ 02:40:53 Sessions 2 Manual Loads 0 Difficulty Rogue Special Mode AFD2020/Player2 Game No. 643 Rogue 370 Adventurer 123 Explorer 150 Win Type - Total 25 Types 19/0/4/1/0/0/0/1/0 Lore% 80 Gallery% 91 Achievement% 76 Wizard Run 0 Options --------- ASCII 0 Keyboard 1 Movement Numpad Keybinds 0 Fullscreen 2 Font 18/X11Bold Map View 76x50 Zoom Use 0% Tactical HUD 1 Map Filters NONE Filters NONE Steam 1 RUN: c054bdc8-02ed-4ff6-b5d1-b96e39954e53